 Dungeon Crawl Stone Soup version 0.19.4-8-ga85b6b9 (webtiles) character file.

98 vatarom the Ducker (level 4, -4/34 HPs)
             Began as a Demonspawn Gladiator on Feb 12, 2017.
             Slain by an orc
             ... wielding a +1 short sword of electrocution
              (19 damage)
             ... on level 3 of the Dungeon.
             The game lasted 00:05:12 (2206 turns).

vatarom the Ducker (Demonspawn Gladiator)           Turns: 2206, Time: 00:05:13

Health: -4/34      AC:  7    Str: 15    XL:     4   Next: 43%
Magic:  4/4        EV: 14    Int: 10    God:
Gold:   64         SH:  0    Dex: 14    Spells: 0 memorised, 3 levels left

rFire  . . .     SeeInvis .     a - +0 quarterstaff
rCold  . . .     Gourm    .     b - +0 leather armour
rNeg   . . .     Faith    .     (shield currently unavailable)
rPois  .         Spirit   .     c - +0 helmet
rElec  .         Reflect  .     (no cloak)
rCorr  .         Harm     .     e - +0 pair of gloves
MR     .....                    (no boots)
Stlth  ++........               (no amulet)
                                (no ring)
                                g - ring of stealth

@: no status effects
A: rugged brown scales 2
a: no special abilities


You were on level 3 of the Dungeon.
You were not hungry.

You visited 1 branch of the dungeon, and saw 3 of its levels.

You collected 64 gold pieces.

Inventory:

Hand Weapons
 a - a +0 quarterstaff (weapon)
Missiles
 d - 3 throwing nets (quivered)
Armour
 b - a +0 leather armour (worn)
 c - a +0 helmet (worn)
 e - a +0 pair of gloves (worn)
Jewellery
 g - a ring of stealth (left hand)
Potions
 j - a potion of flight
Comestibles
 f - a chunk of flesh
 h - a meat ration
 i - 3 bread rations
 k - a royal jelly


   Skills:
 - Level 2.0 Fighting
 - Level 2.6 Staves
 - Level 1.7 Throwing
 + Level 4.8 Dodging


You had 3 spell levels left.
You didn't know any spells.

Dungeon Overview and Level Annotations

Branches:
Dungeon (3/15)

Altars:
Nemelex Xobeh


Innate Abilities, Weirdness & Mutations

You are mostly covered in rugged brown scales. (AC +2, +5% HP)


Message History

The orc throws a tomahawk of returning.
The tomahawk of returning misses you.
The weapon returns to the orc!
Some of the chunks of flesh in your inventory have rotted away.
The orc throws a tomahawk of returning.
The tomahawk of returning closely misses you.
The weapon returns to the orc!
You see here a tomahawk of returning.
The orc throws a tomahawk of returning.
The tomahawk of returning closely misses you.
The weapon returns to the orc!
The orc shouts!
You sock the orc!
You kill the orc!
You closely miss the orc.
The orc hits you with a short sword of electrocution.
You completely miss the orc. The orc hits you but does no damage.
You are electrocuted!
The orc hits you but does no damage.
You are electrocuted!
Ouch! That really hurt!
You die...

....# .#
.#### .# .#
.# .# ####.#
.# #....# .#
#....# .#
#.o.# .# #o#
.# #.# #@#
### #.# #.#
..#####.#
######(#
#.......#
#......#
........#
#.######
..#####.# #.#
#.#####.###.#
#...........#
######...####


You could see 2 orcs.

Vanquished Creatures
  Robin (D:2)
  An ooze (D:1)
  A worm (D:2)
  3 dart slugs (D:1)
  4 leopard geckos
  An orc (D:3)
  9 bats
  3 giant cockroaches
  15 goblins
  4 hobgoblins
  4 jackals
  8 kobolds
  A ball python (D:1)
  4 frilled lizards
  7 rats
66 creatures vanquished.

Notes
Turn   | Place    | Note
-------+----------+-------------------------------------------
     0 | D:1      | vatarom the Demonspawn Gladiator began the quest for the Orb.
     0 | D:1      | Reached XP level 1. HP: 16/16 MP: 1/1
    39 | D:1      | Reached skill level 3 in Dodging
    66 | D:1      | Gained mutation: You are partially covered in rugged brown scales. (AC +1, +3% HP) [demonic ancestry]
    66 | D:1      | Reached XP level 2. HP: 16/22 MP: 2/2
   388 | D:1      | Gained mutation: You are mostly covered in rugged brown scales. (AC +2, +5% HP) [demonic ancestry]
   388 | D:1      | Reached XP level 3. HP: 10/28 MP: 3/3
   727 | D:1      | Reached skill level 4 in Dodging
  1032 | D:2      | Noticed Robin
  1278 | D:2      | Killed Robin
  1278 | D:2      | Reached XP level 4. HP: 15/34 MP: 4/4
  1585 | D:2      | Found a sparkling altar of Nemelex Xobeh.
  2206 | D:3      | Slain by an orc

Skill      XL: |  1  2  3 |
---------------+----------+-----
Dodging        | 3 4 |  4.8
Fighting       | |  2.0
Staves         | |  2.6
Throwing       | |  1.7

Action                   |  1- 3 |  4- 6 || total
-------------------------+-------+-------++-------
Melee: Quarterstaff      |   115 |    68 ||   183
Throw: Throwing net      |     2 |       ||     2
  Use: Potion            |     1 |     1 ||     2
       Scroll            |     2 |     2 ||     4
 Stab: Sleeping          |     2 |     3 ||     5
  Eat: Bread ration      |     1 |       ||     1
Armor: Leather armour    |    61 |    24 ||    85
Dodge: Dodged            |   121 |    72 ||   193
